 Dungeon Crawl Stone Soup version 0.29-a0-1008-g949cc1d0fb (webtiles) character file.

Game seed: 12091111272211145260

43 siradein the Shield-Bearer (level 3, -2/30 HPs)
             Began as a Formicid Fighter on Aug 8, 2022.
             Slain by a worm (9 damage)
             ... on level 2 of the Dungeon.
             The game lasted 00:02:27 (1195 turns).

siradein the Shield-Bearer (Formicid Fighter)       Turns: 1195, Time: 00:02:28

Health: -2/30      AC: 10    Str: 20    XL:     3   Next: 82%
Magic:  3/3        EV:  9    Int:  7    God:
Gold:   65         SH:  5    Dex: 15    Spells: 2/2 levels left

rFire   . . .      SeeInvis +   a - +0 long sword
rCold   . . .      Faith    .   c - +0 buckler
rNeg    . . .      Spirit   .   g - +0 scale mail
rPois   .          Reflect  .   (helmet unavailable)
rElec   .          Harm     .   j - +2 cloak
rCorr   .          Rampage  .   (no gloves)
Will    .....                   (no boots)
Stlth   ..........              (no amulet)
HPRegen 0.10/turn               (no ring)
MPRegen 0.08/turn               (no ring)

@: no status effects
A: permanent stasis, dig shafts and tunnels, antennae 3, four strong arms
a: Dig, Shaft Self


You were on level 2 of the Dungeon.
You visited 1 branch of the dungeon, and saw 2 of its levels.

You collected 65 gold pieces.

Inventory:

Hand Weapons
 a - a +0 long sword (weapon)
 b - a +0 sling
Armour
 c - a +0 buckler (worn)
 g - a +0 scale mail (worn)
 j - a +2 cloak (worn)
Jewellery
 m - a ring of ice
Scrolls
 e - a scroll of noise {unknown}
 f - 2 scrolls of identify {unknown}
 i - a scroll of fog {unknown}
Potions
 d - a potion of might
 h - a potion of degeneration {unknown}
 k - a potion of magic {unknown}
 l - 3 potions of curing {unknown}


   Skills:
 + Level 3.7 Fighting
 + Level 2.5 Long Blades
 + Level 0.6 Ranged Weapons
 + Level 3.6 Armour
 + Level 4.5 Shields


You had 2 spell levels left.
You didn't know any spells.
Your spell library was empty.

Dungeon Overview and Level Annotations

Branches:
Dungeon (2/15)

Altars:


Innate Abilities, Weirdness & Mutations

You cannot be hasted, slowed, berserked, paralysed or teleported.
You can dig through walls and to a lower floor.
You have a pair of large antennae on your head. (SInv)
Your four strong arms can wield two-handed weapons with a shield.


Message History

The ball python bites you. You block the ball python's attack.
The ball python attacks as you move away!
You block the ball python's attack. The ball python closely misses you.
You block the ball python's attack. The ball python completely misses you.
The ball python attacks as you move away!
The ball python closely misses you. You block the ball python's attack.
The ball python attacks as you move away!
The ball python bites you.
The ball python attacks as you move away!
You block the ball python's attack.
The ball python bites you but does no damage.
The ball python grabs you. The ball python constricts you.
You escape the ball python's grasp.
The ball python barely misses you. The ball python grabs you.
The ball python constricts you.
You escape the ball python's grasp.
You hit the ball python.
The ball python is moderately wounded.
You block the ball python's attack. The ball python grabs you.
The ball python constricts you.
You completely miss the ball python.
The ball python is moderately wounded.
You block the ball python's attack. The ball python constricts you.
A goblin comes into view.
It is wielding a +0 hand axe and quivering silver boomerangs.
The ball python closely misses you. The ball python constricts you.
You closely miss the ball python.
The ball python is moderately wounded.
The goblin shouts!
The ball python bites you but does no damage.
The ball python constricts you.
You slash the ball python!
You kill the ball python!
The goblin throws a silver boomerang.
The silver boomerang hits you but does no damage.
The goblin hits you but does no damage.
You hit the goblin but do no damage. The goblin hits you but does no damage.
The goblin hits you with a +0 hand axe.
* * * LOW HITPOINT WARNING * * *
The worm bites you!
You die...

#######... # #############
#......... #.##...........#
#......... #.....####...#.#
#......... #####..# #...#.#
#.......). #......# #...#.#
#......... #.####'####...#.#
#####......... #.........#...#.#
#.............
.#.........#...#@###.............
...............wg..'..††.......>.
###........#########.....######.#
............................# #.#
###########.#...........#.#.# #..
)..........#.......#...# .##..
###..........#...#.....# ##..
.[.............#.......# ..#..
########.......#.......# #.#..


You could see a worm and a goblin.

Vanquished Creatures
  A worm (D:2)
  A dart slug (D:1)
  4 ball pythons
  4 endoplasms
  5 giant cockroaches
  A goblin (D:1)
  9 hobgoblins
  A kobold (D:2)
  3 quokkas
  2 bats
31 creatures vanquished.

Notes
Turn   | Place    | Note
-------+----------+-------------------------------------------
     0 | D:1      | siradein the Formicid Fighter began the quest for the Orb.
     0 | D:1      | Reached XP level 1. HP: 18/18 MP: 1/1
    36 | D:1      | Reached XP level 2. HP: 3/24 MP: 2/2
   753 | D:1      | Reached XP level 3. HP: 25/29 MP: 3/3
  1195 | D:2      | Slain by a worm

Illustrated notes

Levels and vault maps discovered:
D:1:      lightli_arrival_lavapool, layout_rooms
D:2:      layout_basic, grunt_decor_arrowhead, minmay_misc_feat_more_columns,
          uniq_terence

Action                   || total
-------------------------++-------
Melee: Long sword        ||    89
 Fire: Sling             ||    10
Armor: Scale mail        ||    50
Dodge: Dodged            ||    43
Block: Buckler           ||    29

Table legend: (Time is in decaauts)
 A = Elapsed time spent in this place.
 B = Non-inter-level travel time spent in this place.
 C = Inter-level travel time spent in this place.
 D = Time resting spent in this place.
 E = Time spent auto-exploring this place.
 F = Levels seen in this place.
 G = Mean time per level.
                   A        B        C        D        E       F      G
               +--------+--------+--------+--------+--------+-----+--------+
         Total |   1225 |   1187 |     38 |      0 |    939 |   2 |  612.5 |
       Dungeon |   1225 |   1187 |     38 |      0 |    939 |   2 |  612.5 |
               +--------+--------+--------+--------+--------+-----+--------+

Top non-repeatable levels by time:
     D:1: 923 daAuts
     D:2: 301 daAuts
